 Dungeon Crawl Stone Soup version 0.19.5 (webtiles) character file.

81 BugsBunnySan the Ducker (level 4, 21/21 HPs)
             Began as a Felid Berserker on Apr 4, 2017.
             Was a Priest of Trog.
             Quit the game on level 3 of the Dungeon.
             The game lasted 00:03:56 (2992 turns).

BugsBunnySan the Ducker (Felid Berserker)           Turns: 2992, Time: 00:03:56

Health: 21/21      AC:  1    Str: 13    XL:     4   Next: 20%
Magic:  5/5        EV: 21    Int:  9    God:    Trog [***...]
Gold:   92         SH:  0    Dex: 16    Spells: 0 memorised, 3 levels left
                                        Lives:  0   Deaths: 1

rFire  . . .     SeeInvis +       - Unarmed
rCold  . . .     Gourm    .     (armour unavailable)
rNeg   . . .     Faith    .     (shield unavailable)
rPois  .         Spirit   .     (helmet unavailable)
rElec  .         Reflect  .     (cloak unavailable)
rCorr  .         Harm     .     (gloves unavailable)
MR     .....                    (boots unavailable)
Stlth  +++.......               (no amulet)
                                (no ring)
                                (no ring)

@: quick
A: no armour, no weapons or thrown items, stealth, claws 1, fangs 3, see
invisible, carnivore 3, speed 1, shaggy fur 1, slow metabolism 1, sharp paws
a: Berserk, Trog's Hand, Burn Spellbooks, Renounce Religion


You were on level 3 of the Dungeon.
You worshipped Trog.
Trog was most pleased with you.
You were not hungry.

You visited 1 branch of the dungeon, and saw 3 of its levels.

You collected 92 gold pieces.

Inventory:

Jewellery
 f - an uncursed ring of protection from cold {unknown}
 k - an uncursed amulet of harm {unknown}
Scrolls
 b - a scroll of enchant weapon {unknown}
 e - 3 scrolls of remove curse {unknown}
 g - 4 scrolls of identify {unknown}
 j - a scroll of teleportation {unknown}
 m - a scroll of immolation {unknown}
Potions
 c - a potion of brilliance {unknown}
 d - a potion of magic {unknown}
 h - a potion of haste {unknown}
 n - a potion of heal wounds {unknown}
Comestibles
 a - a meat ration
 i - a slice of pizza
 l - 12 chunks of flesh


   Skills:
 + Level 3.5 Fighting
 * Level 5.5 Dodging
 + Level 2.3 Stealth
 + Level 4.4 Unarmed Combat


You had 3 spell levels left.
You didn't know any spells.

Dungeon Overview and Level Annotations

Branches:
Dungeon (3/15)

Altars:


Innate Abilities, Weirdness & Mutations

You cannot wear armour.
You are incapable of wielding weapons or throwing items.
Your paws allow you to move quietly. (Stealth)
You have sharp claws.
You have razor-sharp teeth.
You have supernaturally acute eyesight. (SInv)
You are carnivorous and can eat meat at any time.
You cover ground quickly.
You are covered in fur. (AC +1)
You have a slow metabolism.
Your sharp claws are effective at attacking unaware monsters.


Message History

The orc wizard casts a spell.
The orc wizard blinks!
The orc hits you with a club.
You claw the orc wizard! Your bite misses the orc wizard.
The orc wizard is heavily wounded.
The orc barely misses you. The orc wizard hits you with a dagger.
You closely miss the orc wizard.
The orc wizard is heavily wounded.
You are no longer berserk.
You pass out from exhaustion.
You feel yourself slow down. The orc hits you with a club.
The orc wizard barely misses you. The orc hits you.
* * * LOW HITPOINT WARNING * * *
The orc wizard hits you but does no damage.
The orc hits you with a club.
* * * LOW HITPOINT WARNING * * *
The orc hits you.
You die...
You are now level 4!
You rejoin the land of the living...
Are you sure you want to abandon this character and quit the game? (Confirm with "yes".)

#######....# # # .........#.# ...
# .........#.# ....# .........#.#
..... .........#.############
..... .........+.##.........
..... .........####.......# .....
.........# #.......# #.......
.........# #...@...##. #.......
.........# #.......##. #...####
..#......# #.......##. #...# #
#[#..#.#.# #.......##.###...####
#.#..#.#.####.......##...+.......
#.#..#.#.#..........##..##...####
#.#..#.#.##.#..#'##.##...........
#......#.##.#.......###.###.#....
########.##.#.##)#......#......#.


There were no monsters in sight!

Vanquished Creatures
  An orc priest (D:3)
  3 adders
  An ooze (D:1)
  2 dart slugs
  3 leopard geckos
  16 orcs (D:3)
  8 bats
  3 giant cockroaches
  4 goblins
  10 hobgoblins
  4 jackals (D:3)
  14 kobolds
  4 frilled lizards (D:1)
  3 rats
76 creatures vanquished.

Notes
Turn   | Place    | Note
-------+----------+-------------------------------------------
     0 | D:1      | BugsBunnySan the Felid Berserker began the quest for the Orb.
     0 | D:1      | Reached XP level 1. HP: 10/10 MP: 2/2
   234 | D:1      | Reached XP level 2. HP: 8/14 MP: 3/3
   821 | D:1      | Reached XP level 3. HP: 11/17 MP: 4/4
  1270 | D:2      | Reached ** piety under Trog
  1272 | D:2      | Reached skill level 5 in Dodging
  1272 | D:2      | Reached skill level 1 in Stealth
  1916 | D:2      | Reached XP level 4. HP: 21/21 MP: 5/5
  2743 | D:3      | Reached *** piety under Trog
  2982 | D:3      | Reached XP level 5. HP: 16/24 MP: 6/6
  2991 | D:3      | Slain by an orc
  2992 | D:3      | Reached XP level 4. HP: -2/21 MP: 5/5
  2992 | D:3      | Quit the game

Skill      XL: |  1  2  3  4 |
---------------+-------------+-----
Dodging        | 5 |  5.5
Stealth        | 1 2 |  2.3
Unarmed Combat | 4 |  4.4
Fighting       | |  3.5

Action                   |  1- 3 |  4- 6 || total
-------------------------+-------+-------++-------
Melee: Unarmed           |    87 |    92 ||   179
       Bite              |     4 |    14 ||    18
       Punch             |       |     1 ||     1
Invok: Berserk           |     3 |     4 ||     7
       Trog's Hand       |       |     1 ||     1
 Stab: Sleeping          |     5 |     5 ||    10
  Eat: Chunk             |    12 |     5 ||    17
Armor: Skin              |     1 |     1 ||     2
Dodge: Dodged            |    77 |    72 ||   149
